 Dungeon Crawl Stone Soup version 0.27.0-66-gdc8fb28755 (webtiles) character file.

Game seed: 2397961072943865987

105 Malachi the Skirmisher (level 4, -2/52 HPs)
             Began as an Ogre Berserker on Aug 20, 2021.
             Was a Follower of Trog.
             Slain by a gnoll (5 damage)
             ... on level 3 of the Dungeon.
             The game lasted 00:02:18 (3903 turns).

Malachi the Skirmisher (Ogre Berserker)             Turns: 3903, Time: 00:02:18

Health: -2/52      AC:  3    Str: 22    XL:     4   Next: 81%
Magic:  4/4        EV: 10    Int:  8    God:    Trog [*.....]
Gold:   125        SH:  0    Dex:  8    Spells: 3/3 levels left

rFire    . . .     SeeInvis .   a - +1 mace
rCold    . . .     Faith    .   (no shield)
rNeg     . . .     Spirit   .   b - +0 animal skin
rPois    .         Reflect  .   (helmet restricted)
rElec    .         Harm     .   (no cloak)
rCorr    .         Rampage  .   (gloves unavailable)
Will     .....                  (boots unavailable)
Stlth    +.........             (no amulet)
HPRegen  0.17/turn              (no ring)
MPRegen  0.09/turn              (no ring)

@: on berserk cooldown, slowed, very slow
A: large, unfitting armour, tough skin 1
a: Renounce Religion, Berserk


You were on level 3 of the Dungeon.
You worshipped Trog.
Trog was aware of your devotion.
You visited 1 branch of the dungeon, and saw 3 of its levels.

You collected 125 gold pieces.

Inventory:

Hand Weapons
 a - a +1 mace (weapon)
Missiles
 g - 2 throwing nets (quivered)
Armour
 b - a +0 animal skin (worn)
Scrolls
 c - 2 scrolls of amnesia
 f - a scroll of identify {unknown}
 h - a scroll of fear {unknown}
Potions
 d - 3 potions of curing {unknown}
 e - a potion of flight {unknown}


   Skills:
 * Level 5.8 Fighting
 * Level 3.9 Maces & Flails
 - Level 2.6 Dodging


You had 3 spell levels left.
You didn't know any spells.
Your spell library contained the following spells:

 Spells                   Type           Power      Damage    Failure   Level
 Beastly Appendage        Tmut           0%         N/A       41%         1
 Magic Dart               Conj           0%         1d3       41%         1
 Searing Ray              Conj           0%         3d3       54%         2
 Wereblood                Tmut           0%         N/A       54%         2
 Spider Form              Tmut/Pois      0%         N/A       78%         3
 Animate Dead             Necr           0%         N/A       99%         4
 Fulminant Prism          Conj/Hex       0%         3d6       99%         4
 Haunt                    Necr/Summ      0%         N/A       100%        7
 Infestation              Necr           0%         N/A       100%        8


Dungeon Overview and Level Annotations

Branches:
Dungeon (3/15)

Altars:
The Shining One

Shops:
D:1 [


Innate Abilities, Weirdness & Mutations

You are too large for most types of armour.
You have tough skin. (AC +1)


Message History

Trog accepts your kill. The gnoll barely misses you.
The gnoll hits you from afar with a +0 spear.
Things that are here:
a +0 short sword; a kobold corpse You closely miss the gnoll.
The gnoll hits you with a +0 flail!
You sock the gnoll!
The gnoll is heavily wounded.
The gnoll barely misses you. The gnoll closely misses you.
You closely miss the gnoll.
The gnoll is heavily wounded.
The gnoll hits you from afar with a +0 spear!
The gnoll closely misses you.
You thump the gnoll!
You kill the gnoll!
Trog accepts your kill.
You are no longer berserk.
You are exhausted.
You feel yourself slow down.
The gnoll throws a throwing net.
The throwing net barely misses you.
Hit: a) +1 mace
Press: ? - help, Dir - move target, f - you
Okay, then.
The gnoll hits you with a +0 spear.
The gnoll hits you from afar with a +0 spear!
* * * LOW HITPOINT WARNING * * *
You see here a +0 flail.
You hit the gnoll.
The gnoll is heavily wounded.
The gnoll hits you with a +0 spear.
* * * LOW HITPOINT WARNING * * *
The gnoll closely misses you. x2
The gnoll hits you from afar with a +0 spear!
* * * LOW HITPOINT WARNING * * *
Unknown command.
Unknown command.
You sock the gnoll!
The gnoll is almost dead.
The gnoll hits you with a +0 spear.
You die...

...........
##......... ..
#.######## #.#
##.# #.# ...#
##.# #..# ..#
#..####.### #.#
...........
#.########.#
...########
#(.)@gg....#
...#
#.##########
...# #.#
.#.##########.#
##............#
##############


You could see 2 gnolls.

Vanquished Creatures
  A gnoll (D:3)
  6 adders
  A dart slug (D:1)
  4 ball pythons
  4 bats
  3 endoplasms
  3 giant cockroaches
  A goblin (D:1)
  4 hobgoblins
  4 jackals (D:2)
  4 kobolds
  3 frilled lizards
  2 rats
40 creatures vanquished.

Notes
Turn   | Place    | Note
-------+----------+-------------------------------------------
     0 | D:1      | Malachi the Ogre Berserker began the quest for the Orb.
     0 | D:1      | Reached XP level 1. HP: 24/24 MP: 1/1
   103 | D:1      | Reached XP level 2. HP: 15/33 MP: 2/2
   986 | D:1      | Found Jaoczau's Antique Armour Emporium.
  1640 | D:2      | Reached XP level 3. HP: 25/41 MP: 3/3
  1986 | D:2      | Found a faded altar of an unknown god.
  2078 | D:2      | Found a glowing golden altar of the Shining One.
  2123 | D:2      | Reached skill level 5 in Fighting
  2732 | D:2      | Reached XP level 4. HP: 50/50 MP: 4/4
  3903 | D:3      | Slain by a gnoll

Illustrated notes

Levels and vault maps discovered:
D:1:      sevenhm_arrival_forest_fort_large_2, layout_basic, serial_shops, shop,
          minmay_misc_feat_pillars, roderic_filled_cross
D:2:      layout_basic, basic_ecumenical_altar, basic_altar, grunt_ministairs_6
D:3:      layout_loops_ring, led_sif_book, minmay_randomly_rotated_circles

Skill      XL: |  1  2  3 |
---------------+----------+-----
Maces & Flails | 3 |  3.9
Fighting       | 5 |  5.8
Dodging        | |  2.6

Action                   |  1- 3 |  4- 6 || total
-------------------------+-------+-------++-------
Melee: Mace              |   111 |    44 ||   155
Invok: Berserk           |     1 |     2 ||     3
  Use: Scroll            |       |     3 ||     3
 Stab: Sleeping          |     1 |       ||     1
Armor: Animal skin       |    37 |    13 ||    50
Dodge: Dodged            |    70 |    27 ||    97
